 Dungeon Crawl Stone Soup version 0.31-a0-167-g1c394c0614 (webtiles) character file.

Game seed: 8425332641212235045

8887 qw the Cleaver (level 11, -10/68 HPs)
             Began as a Gargoyle Fighter on June 14, 2023.
             Was a Priest of Okawaru.
             Mangled by Kirke (15 damage)
             ... on level 12 of the Dungeon.
             The game lasted 00:05:43 (9057 turns).

qw the Cleaver (Gargoyle Fighter)                   Turns: 9057, Time: 00:05:43

Health: -10/68     AC:  0    Str: 24    XL:     11   Next: 37%
Magic:  14/14      EV: 16    Int:  9    God:    Okawaru [***...]
Gold:   514        SH:  0    Dex:  9    Spells: 10/10 levels left

rFire   + + .        Y - melded +7 war axe
rCold   x . .        f - melded +0 kite shield
rNeg    + . .        q - melded +1 plate armour
rPois   inf          z - melded +0 helmet
rElec   .            i - melded +2 cloak
rCorr   .            (gloves currently unavailable)
SInv    .            w - melded +2 pair of boots
Will    .....        r - amulet of Tacliklu {Acrobat +Blink rF++ rC- Regen+}
Stlth   +++          l - melded ring of fire
HPRegen 1.11/turn    k - melded +5 ring of evasion
MPRegen 0.14/turn

%: acrobat
@: about to teleport, pig-form, heroic, very quick
A: fast, no casting, sickness immunity, AC +8, small, negative energy resistance
1, (electricity resistance), torment resistance 1, petrification resistance
a: Renounce Religion, Evoke Blink, Heroism


You were on level 12 of the Dungeon.
You worshipped Okawaru.
Okawaru was most pleased with you.
You were a filthy swine.
You visited 2 branches of the dungeon, and saw 14 of its levels.
You also visited: Ossuary.

You collected 595 gold pieces.
You spent 81 gold pieces at shops.


Innate Abilities, Weirdness & Mutations

You are a filthy swine.
You move quickly.
Your equipment is almost entirely melded.
You are incapable of wielding weapons or throwing items.
You cannot cast spells.
You are immune to sickness and miasma.
((Your stone body is resilient. (AC +8)))
You are immune to poison.
You resist negative energy. (rN+)
((You are resistant to electric shocks. (rElec)))
You are resistant to unholy torment.
You are immune to petrification.


   Skills:
 - Level 8.1(13.1) Fighting
 + Level 10.8(15.8) Axes
 - Level 2.0(7.0) Throwing
 - Level 7.1(12.1) Armour
 - Level 2.4(7.4) Dodging
 - Level 9.1(14.1) Shields
 - Level 4.0 Invocations


You had 10 spell levels left.
You didn't know any spells.
Your spell library was empty.

Inventory:

Hand Weapons
 t - a +2 flail of protection
 Y - a +7 war axe (melded)
Missiles
 v - 6 boomerangs
 x - a silver boomerang (quivered)
Armour
 f - a +0 kite shield (melded)
 i - a +2 cloak (melded)
 n - the +1 scale mail of the Eleven Mouths {Rampage rF- Will- rCorr}
   (You found it on level 3 of the Dungeon)

   rF:        It makes you vulnerable to fire.
   rCorr:     It protects you from acid and corrosion.
   Rampage:   It bestows one free step when moving towards enemies.
   Will:      It decreases your willpower.
 q - a +1 plate armour (melded)
 w - a +2 pair of boots (melded)
 y - +0 acid dragon scales
 z - a +0 helmet (melded)
Jewellery
 k - a +5 ring of evasion (melded)
 l - a ring of fire (melded)
 r - the amulet of Tacliklu (around neck) {Acrobat +Blink rF++ rC- Regen+}
   (You found it on level 7 of the Dungeon)

   [amulet of the acrobat]

   It increases your evasion while moving and waiting.
   rF:        It greatly protects you from fire.
   rC:        It makes you vulnerable to cold.
   +Blink:    It lets you blink.
   Regen:     It increases your rate of health regeneration.
 s - a ring of positive energy
 u - a ring of fire
Wands
 p - a wand of digging (5)
Scrolls
 b - 6 scrolls of identify
Potions
 a - 2 potions of resistance
 d - 2 potions of might
 e - 3 potions of mutation
 g - a potion of curing
 h - 3 potions of attraction
 j - 3 potions of heal wounds
 o - a potion of magic

Dungeon Overview and Level Annotations

Branches:
Dungeon (13/15)            Temple (1/1) D:6            Lair (0/5) D:11
    Orc (0/2) D:11        Ossuary (visited)
 Vaults: D:13-14

Altars:
Ashenzari
Cheibriados
Dithmenos
Elyvilon
Fedhas
Gozag
Hepliaklqana
Kikubaaqudgha
Makhleb
Nemelex Xobeh
Okawaru
Qazlal
Ru
Sif Muna
Trog
Uskayaw
Vehumet
Wu Jian
Xom
Yredelemnul
Zin
The Shining One

Shops:
D:6 :   D:11 [

Annotations:
D:6 2 transporters
D:7 2 transporters, qw's ghost, novice NaHu
D:12 Kirke


Message History

You turn into a filthy swine.
Your +7 war axe melds into your body.
Your +2 cloak melds into your body.
Your +0 helmet melds into your body.
Your +2 pair of boots melds into your body.
Your +0 kite shield melds into your body.
Your +1 plate armour melds into your body.
Your ring of fire melds into your body.
Your +5 ring of evasion melds into your body.
The guardian serpent hits you!
You barely miss Kirke.
Kirke is almost dead.
The guardian serpent casts a spell at you.
The deep elf pyromancer blinks into view!
You barely miss Kirke.
Kirke is almost dead.
Kirke hits you.
The deep elf pyromancer hits you with a +0 rapier!
The guardian serpent misses you.
9054 ||| READING scroll of teleportation.
As you read the scroll of teleportation, it crumbles to dust.
You feel strangely unstable.
The guardian serpent closely misses you.
Kirke casts a spell at you.
You feel a momentary urge to oink.
The deep elf pyromancer closely misses you.
9055 ||| DRINKING 5 potions of heal wounds.
You feel much better. The guardian serpent hits you! Kirke hits you.
The guardian serpent coils itself and waves its upper body at you.
The deep elf pyromancer hits you with a +0 rapier.
You hit Kirke.
Kirke is almost dead.
The guardian serpent hits you!!
Kirke throws some weird powder.
Kirke casts a spell at you.
You feel a momentary urge to oink.
The deep elf pyromancer hits you with a +0 rapier.
9057 ||| DRINKING 4 potions of heal wounds.
You feel much better. The guardian serpent hits you!! Kirke hits you!
You die...

..##
##.##
..#
#..#
..#
##?##
..#
#..#
..#
##.#
.##
#.##
.#
#.H#
.#
##@##
.#
#he#
##S#
h#


OC hE0 .... ..... ...... You could see Kirke, a two-headed ogre, a manticore
(summoned), a cyclops, a guardian serpent, a deep elf pyromancer, 2 hogs and a
fire elemental (summoned).

Vanquished Creatures
  4 trolls
  A hornet (D:6)
  Sigmund (D:6)
  12 yaks
  Eustachio (D:5)
  2 wyverns
  A vampire (D:11)
  A wraith (D:9)
  3 hogs (D:12)
  2 vampire mosquitoes (D:11)
  An acid dragon (D:11)
  2 ice beasts
  A sky beast (D:7)
  An orc warrior (D:8)
  2 wolves (D:11)
  5 centaurs
  2 phantoms
  7 bullfrogs
  2 elf zombies (Ossuary)
  2 kobold brigands
  3 scorpions
  4 wights (D:7)
  8 killer bees
  A howler monkey (D:5)
  2 electric eels (D:11)
  2 centaur zombies (Ossuary)
  10 orc priests
  2 gnoll boudas
  13 hounds
  8 human zombies (Ossuary)
  4 iguanas
  Ijyb (D:4)
  Natasha (thrice) (D:2)
  11 orc wizards
  3 mummies (Ossuary)
  13 gnolls
  8 adders
  A shadow imp (D:5)
  2 white imps
  An ufetubus (D:5)
  4 dart slugs
  35 orcs
  4 endoplasms
  3 giant cockroaches
  4 hobgoblins
  6 jackals
  6 quokkas
  9 ball pythons
  6 bats
  4 frilled lizards
  6 goblins
  18 kobolds
  5 rats
263 creatures vanquished.

Notes
Turn   | Place    | Note
-------+----------+-------------------------------------------
     0 | D:1      | qw the Gargoyle Fighter began the quest for the Orb.
     0 | D:1      | Reached XP level 1. HP: 14/14 MP: 1/1
     0 | D:1      | 0 ||| qw: Version: 0.2-a-29-g1fa15c8
     0 | D:1      | 0 ||| qw: Game counter: 5113
     0 | D:1      | 0 ||| qw: Always use a shield: true
     0 | D:1      | 0 ||| qw: God list: Okawaru
     0 | D:1      | 0 ||| qw: Allow faded altars: false
     0 | D:1      | 0 ||| qw: Do Orc after D:15 true
     0 | D:1      | 0 ||| qw: Do second Lair branch before Depths: true
     0 | D:1      | 0 ||| qw: Lair rune preference: random
     0 | D:1      | 0 ||| qw: Plans: Normal, Zot:1-4, Slime:5, God:TSO, Crypt,
                  | Tomb, Abyss, Pan, Hells, Win
     0 | D:1      | 0 ||| PLANNING D:1-11
    53 | D:1      | Reached skill level 2 in Axes
   181 | D:1      | Reached XP level 2. HP: 19/19 MP: 2/2
   642 | D:1      | Reached skill level 3 in Axes
   719 | D:1      | Reached XP level 3. HP: 23/23 MP: 3/3
  1074 | D:1      | 1074 ||| UPGRADING to +0 kite shield.
  1084 | D:1      | 1084 ||| DROPPING +0 buckler.
  1085 | D:1      | 1085 ||| UPGRADING to +0 chain mail.
  1095 | D:1      | 1095 ||| DROPPING +0 scale mail.
  1096 | D:1      | 1096 ||| READING scroll labelled VATWEY OFEUSHO.
  1097 | D:1      | 1097 ||| READING scroll labelled RIROACOGHU.
  1098 | D:1      | 1098 ||| READING scroll labelled MOFEDGH YNNINY.
  1099 | D:1      | 1099 ||| READING scroll labelled UJUVYDYPIPN.
  1141 | D:2      | 1141 ||| Stepping ~*~*~tactically~*~*~ (stealth).
  1282 | D:2      | Noticed Natasha
  1283 | D:2      | 1283 ||| Stepping ~*~*~tactically~*~*~ (hiding).
  1285 | D:2      | 1285 ||| Stepping ~*~*~tactically~*~*~ (stealth).
  1299 | D:2      | Killed Natasha
  1299 | D:2      | HP: 5/23 [bat (1)]
  1300 | D:2      | Reached XP level 4. HP: 6/28 MP: 4/4
  1545 | D:2      | Noticed Natasha
  1546 | D:2      | 1546 ||| Stepping ~*~*~tactically~*~*~ (hiding).
  1556 | D:2      | Killed Natasha
  1574 | D:2      | 1574 ||| Stepping ~*~*~tactically~*~*~ (stealth).
  1623 | D:2      | 1623 ||| Stepping ~*~*~tactically~*~*~ (stealth).
  1635 | D:2      | Reached skill level 4 in Axes
  1635 | D:2      | Reached XP level 5. HP: 31/32 MP: 5/5
  1711 | D:2      | Found a faded altar of an unknown god.
  1785 | D:2      | Noticed Natasha
  1792 | D:2      | Killed Natasha
  1889 | D:2      | Identified the +1 leather armour of Gravity {rC+ Int+2}
  1981 | D:2      | 1981 ||| READING 2 scrolls labelled LANAIN UWKE.
  1982 | D:2      | 1982 ||| DRINKING 3 smoky amethyst potions.
  1983 | D:2      | 1983 ||| DRINKING 2 silvery potions.
  1984 | D:2      | 1984 ||| DROPPING scroll of revelation.
  1985 | D:2      | 1985 ||| DROPPING potion of degeneration.
  2199 | D:3      | 2199 ||| READING 2 scrolls of enchant weapon.
  2199 | D:3      | 2199 ||| ENCHANTING +1 war axe.
  2200 | D:3      | 2200 ||| READING scroll of enchant weapon.
  2200 | D:3      | 2200 ||| ENCHANTING +2 war axe.
  2498 | D:3      | Identified the +1 scale mail of the Eleven Mouths {Rampage
                  | rF- Will- rCorr}
  2559 | D:3      | 2559 ||| UPGRADING to ring of positive energy.
  2560 | D:3      | 2560 ||| UPGRADING to +5 ring of evasion.
  2561 | D:3      | 2561 ||| READING scroll labelled UPTEAC GOESIQO.
  2562 | D:3      | 2562 ||| READING 4 scrolls of identify.
  2562 | D:3      | 2562 ||| IDENTIFYING viscous white potion
  2563 | D:3      | 2563 ||| READING 3 scrolls of identify.
  2563 | D:3      | 2563 ||| IDENTIFYING black potion
  2564 | D:3      | 2564 ||| READING 2 scrolls of identify.
  2564 | D:3      | 2564 ||| IDENTIFYING yellow potion
  2565 | D:3      | 2565 ||| DROPPING potion of enlightenment.
  2566 | D:3      | 2566 ||| DROPPING potion of brilliance.
  2716 | D:4      | 2716 ||| DROPPING +0 whip.
  2718 | D:4      | Noticed a phantom
  2735 | D:4      | Killed a phantom
  2736 | D:4      | Reached skill level 5 in Axes
  2736 | D:4      | Reached XP level 6. HP: 35/37 MP: 6/6
  2917 | D:4      | Noticed Ijyb
  2932 | D:4      | Killed Ijyb
  3366 | D:4      | Found a snail-covered altar of Cheibriados.
  3410 | D:4      | 3410 ||| UPGRADING to +2 cloak.
  3415 | D:4      | 3415 ||| READING scroll labelled USEAQEQAOR.
  3418 | D:4      | 3418 ||| READING 3 scrolls of identify.
  3418 | D:4      | 3418 ||| IDENTIFYING blue potion
  3419 | D:4      | 3419 ||| READING 2 scrolls of identify.
  3419 | D:4      | 3419 ||| IDENTIFYING bubbling yellow potion
  3433 | D:5      | Entered Level 5 of the Dungeon
  3503 | D:5      | Reached XP level 7. HP: 42/43 MP: 7/7
  3566 | D:5      | Reached skill level 6 in Axes
  3602 | D:5      | 3602 ||| Stepping ~*~*~tactically~*~*~ (stealth).
  3634 | D:5      | 3634 ||| Stepping ~*~*~tactically~*~*~ (stealth).
  3636 | D:5      | 3636 ||| Stepping ~*~*~tactically~*~*~ (hiding).
  3649 | D:5      | 3649 ||| Stepping ~*~*~tactically~*~*~ (stealth).
  3653 | D:5      | 3653 ||| Stepping ~*~*~tactically~*~*~ (stealth).
  3666 | D:5      | 3666 ||| Stepping ~*~*~tactically~*~*~ (stealth).
  3735 | D:5      | Reached skill level 6 in Shields
  3788 | D:5      | Noticed Eustachio
  3812 | D:5      | Killed Eustachio
  3813 | D:5      | Reached XP level 8. HP: 33/48 MP: 8/8
  3831 | D:5      | 3831 ||| FLEEEEING.
  3840 | D:5      | 3840 ||| STAIRDANCE
  3865 | D:4      | 3865 ||| UPGRADING to +0 plate armour.
  3875 | D:4      | 3875 ||| DROPPING +0 chain mail.
  3876 | D:4      | 3876 ||| DROPPING amulet of magic regeneration.
  3877 | D:4      | 3877 ||| DROPPING ring of magical power.
  3878 | D:4      | 3878 ||| READING 2 scrolls of identify.
  3878 | D:4      | 3878 ||| IDENTIFYING viscous orange potion
  3879 | D:4      | 3879 ||| DROPPING potion of invisibility.
  4121 | D:6      | Found a transporter.
  4128 | D:6      | Found a staircase to the Ecumenical Temple.
  4129 | D:6      | 4129 ||| PLANNING TEMPLE
  4136 | Temple   | Entered the Ecumenical Temple
  4160 | Temple   | 4160 ||| PLANNING OKAWARU WORSHIP
  4405 | Temple   | Became a worshipper of Warmaster Okawaru
  4406 | Temple   | 4406 ||| PLANNING D:1-11
  4602 | D:6      | 4602 ||| FLEEEEING.
  4611 | D:6      | Noticed Sigmund
  4612 | D:6      | 4612 ||| FLEEEEING.
  4614 | D:6      | 4614 ||| FLEEEEING.
  4615 | D:6      | 4615 ||| FLEEEEING.
  4616 | D:6      | 4616 ||| Stepping ~*~*~tactically~*~*~ (hiding).
  4617 | D:6      | 4617 ||| Stepping ~*~*~tactically~*~*~ (hiding).
  4636 | D:6      | Killed Sigmund
  4681 | D:6      | Noticed a hornet
  4691 | D:6      | Reached skill level 7 in Axes
  4710 | D:6      | Killed a hornet
  4710 | D:6      | Reached * piety under Okawaru
  4832 | D:6      | 4832 ||| Stepping ~*~*~tactically~*~*~ (hiding).
  4834 | D:6      | 4834 ||| Stepping ~*~*~tactically~*~*~ (hiding).
  4835 | D:6      | 4835 ||| Stepping ~*~*~tactically~*~*~ (hiding).
  4843 | D:6      | Noticed a troll
  4844 | D:6      | 4844 ||| INVOKING Heroism.
  4853 | D:6      | Killed a troll
  4864 | D:6      | Found an ornate altar of the Wu Jian Council.
  4907 | D:6      | 4907 ||| DRINKING 3 potions of curing.
  4907 | D:6      | 4907 ||| (to cure confusion)
  4913 | D:6      | Reached XP level 9. HP: 55/55 MP: 9/9
  4925 | D:6      | Found a transporter.
  4948 | D:6      | Found a basalt altar of Yredelemnul.
  5140 | D:6      | Reached skill level 1 in Invocations
  5215 | D:6      | Noticed a manticore
  5220 | D:6      | Found a stormy altar of Qazlal.
  5220 | D:6      | Found an ancient bone altar of Kikubaaqudgha.
  5257 | D:6      | Found Zeriasch's Tiny Tomes.
  5310 | D:7      | 5310 ||| PLANNING OSSUARY
  5372 | D:7      | Found a flagged portal.
  5425 | D:7      | Identified the amulet of Tacliklu {Acrobat +Blink rF++ rC-
                  | Regen+}
  5465 | D:7      | Reached skill level 3 in Invocations
  5470 | D:7      | Found a sand-covered staircase.
  5482 | D:7      | 5482 ||| UPGRADING to amulet of Tacliklu {Acrobat +Blink
                  | rF++ rC- Regen+}.
  5487 | D:7      | 5487 ||| UPGRADING to ring of fire.
  5494 | Ossuary  | Entered an ossuary
  5510 | Ossuary  | 5510 ||| READING scroll of enchant weapon.
  5510 | Ossuary  | 5510 ||| ENCHANTING +3 war axe.
  5665 | Ossuary  | Reached skill level 8 in Axes
  5670 | Ossuary  | Reached skill level 6 in Fighting
  5679 | Ossuary  | Reached ** piety under Okawaru
  5684 | Ossuary  | 5684 ||| READING scroll labelled YLISUO ASMUSH.
  5685 | Ossuary  | 5685 ||| READING scroll labelled OXTISY ONIJEWAS.
  5686 | Ossuary  | 5686 ||| DRINKING 3 grey potions.
  5687 | Ossuary  | 5687 ||| READING 3 scrolls of identify.
  5687 | Ossuary  | 5687 ||| IDENTIFYING puce potion
  5697 | D:7      | 5697 ||| PLANNING D:1-11
  5789 | D:7      | 5789 ||| Stepping ~*~*~tactically~*~*~ (stealth).
  5791 | D:7      | 5791 ||| Stepping ~*~*~tactically~*~*~ (hiding).
  5797 | D:7      | 5797 ||| INVOKING Heroism.
  5867 | D:7      | 5867 ||| INVOKING Heroism.
  5918 | D:7      | 5918 ||| Stepping ~*~*~tactically~*~*~ (stealth).
  5919 | D:7      | 5919 ||| Stepping ~*~*~tactically~*~*~ (stealth).
  5920 | D:7      | 5920 ||| Stepping ~*~*~tactically~*~*~ (stealth).
  5922 | D:7      | 5922 ||| DRINKING 2 potions of curing.
  5922 | D:7      | 5922 ||| (to cure confusion)
  6049 | D:7      | Found a transporter.
  6053 | D:7      | 6053 ||| Stepping ~*~*~tactically~*~*~ (hiding).
  6054 | D:7      | 6054 ||| INVOKING Heroism.
  6054 | D:7      | Noticed a moth of wrath
  6056 | D:7      | Noticed qw's ghost (novice NaHu)
  6060 | D:7      | Noticed a troll
  6105 | D:7      | Found a transporter.
  6144 | D:7      | Found a bloodstained altar of Trog.
  6203 | D:7      | Found a bloodstained altar of Trog.
  6414 | D:7      | 6414 ||| DRINKING 2 purple potions.
  6461 | D:8      | 6461 ||| Stepping ~*~*~tactically~*~*~ (hiding).
  6466 | D:8      | 6466 ||| Stepping ~*~*~tactically~*~*~ (hiding).
  6467 | D:8      | 6467 ||| Stepping ~*~*~tactically~*~*~ (hiding).
  6468 | D:8      | 6468 ||| Stepping ~*~*~tactically~*~*~ (hiding).
  6474 | D:8      | 6474 ||| INVOKING Heroism.
  6523 | D:8      | Reached XP level 10. HP: 60/60 MP: 13/13
  6621 | D:8      | 6621 ||| DROPPING +0 flail.
  6623 | D:8      | 6623 ||| Stepping ~*~*~tactically~*~*~ (hiding).
  6626 | D:8      | 6626 ||| INVOKING Heroism.
  6684 | D:8      | Reached skill level 9 in Axes
  6724 | D:8      | 6724 ||| READING scroll of enchant weapon.
  6724 | D:8      | 6724 ||| ENCHANTING +4 war axe.
  6967 | D:8      | Found a sacrificial altar of Ru.
  7054 | D:8      | Found a shimmering blue altar of Sif Muna.
  7184 | D:8      | 7184 ||| UPGRADING to +2 pair of boots.
  7189 | D:8      | 7189 ||| READING scroll labelled COL ZULYUNIAS.
  7274 | D:9      | 7274 ||| INVOKING Heroism.
  7279 | D:9      | Reached skill level 1 in Throwing
  7451 | D:9      | 7451 ||| Stepping ~*~*~tactically~*~*~ (stealth).
  7473 | D:9      | 7473 ||| Stepping ~*~*~tactically~*~*~ (stealth).
  7476 | D:9      | 7476 ||| Stepping ~*~*~tactically~*~*~ (hiding).
  7478 | D:9      | 7478 ||| Stepping ~*~*~tactically~*~*~ (hiding).
  7479 | D:9      | 7479 ||| Stepping ~*~*~tactically~*~*~ (hiding).
  7483 | D:9      | 7483 ||| INVOKING Heroism.
  7490 | D:9      | Reached skill level 6 in Armour
  7800 | D:9      | 7800 ||| READING scroll of enchant armour.
  7800 | D:9      | 7800 ||| ENCHANTING +0 plate armour.
  7857 | D:9      | 7857 ||| READING scroll of enchant weapon.
  7857 | D:9      | 7857 ||| ENCHANTING +5 war axe.
  7979 | D:10     | Entered Level 10 of the Dungeon
  8121 | D:10     | Reached skill level 9 in Shields
  8513 | D:10     | 8513 ||| READING scroll labelled POBYXA HUIHUNA.
  8559 | D:11     | 8559 ||| READING scroll of enchant weapon.
  8559 | D:11     | 8559 ||| ENCHANTING +6 war axe.
  8580 | D:11     | 8580 ||| Stepping ~*~*~tactically~*~*~ (hiding).
  8591 | D:11     | 8591 ||| INVOKING Heroism.
  8603 | D:11     | 8603 ||| Stepping ~*~*~tactically~*~*~ (stealth).
  8616 | D:11     | 8616 ||| Stepping ~*~*~tactically~*~*~ (stealth).
  8631 | D:11     | 8631 ||| INVOKING Heroism.
  8634 | D:11     | Reached skill level 10 in Axes
  8636 | D:11     | Reached *** piety under Okawaru
  8638 | D:11     | Reached XP level 11. HP: 51/68 MP: 11/14
  8669 | D:11     | 8669 ||| INVOKING Heroism.
  8671 | D:11     | 8671 ||| Stepping ~*~*~tactically~*~*~ (stealth).
  8678 | D:11     | 8678 ||| Stepping ~*~*~tactically~*~*~ (hiding).
  8682 | D:11     | Found a staircase to the Orcish Mines.
  8714 | D:11     | 8714 ||| INVOKING Heroism.
  8716 | D:11     | 8716 ||| Stepping ~*~*~tactically~*~*~ (stealth).
  8719 | D:11     | 8719 ||| Stepping ~*~*~tactically~*~*~ (stealth).
  8740 | D:11     | 8740 ||| INVOKING Heroism.
  8754 | D:11     | Found a staircase to the Lair.
  8755 | D:11     | 8755 ||| INVOKING Heroism.
  8798 | D:11     | Found Sipuqext's Armour Emporium.
  8804 | D:11     | 8804 ||| BUYING +0 helmet (81 gold).
  8804 | D:11     | Bought a +0 helmet for 81 gold pieces
  8896 | D:11     | You fall into a shaft and drop 2 floors!
  8918 | D:13     | 8918 ||| UPGRADING to +0 helmet.
  9029 | D:12     | Noticed a deep elf pyromancer
  9037 | D:12     | Noticed a cyclops
  9038 | D:12     | 9038 ||| INVOKING Heroism.
  9038 | D:12     | Noticed a two-headed ogre
  9039 | D:12     | Noticed Kirke
  9040 | D:12     | Noticed a manticore
  9050 | D:12     | 9050 ||| DRINKING 2 potions of cancellation.
  9051 | D:12     | 9051 ||| DRINKING potion of cancellation.
  9053 | D:12     | HP: 15/68 [deep elf pyromancer/+0 rapier (7)]
  9054 | D:12     | 9054 ||| READING scroll of teleportation.
  9055 | D:12     | 9055 ||| DRINKING 5 potions of heal wounds.
  9056 | D:12     | HP: 4/68 [guardian serpent (20)]
  9056 | D:12     | HP: 1/68 [deep elf pyromancer/+0 rapier (3)]
  9057 | D:12     | 9057 ||| DRINKING 4 potions of heal wounds.
  9057 | D:12     | Mangled by Kirke

Levels and vault maps discovered:
D:1:      minmay_arrival_nine_rooms, layout_basic
D:2:      layout_loops_ring, ebering_ecumenical_altar_rust, uniq_natasha
D:3:      layout_basic, grunt_decor_fettered
D:4:      layout_basic, mainiacjoe_overflow_alcove_4, uniq_ijyb
D:5:      layout_cave_pools, minmay_increasing_density, uniq_eustachio
D:6:      layout_cave_pools, lemuel_crystal_altar,
          mainiacjoe_overflow_concentric_impassable,
          gammafunk_temple_overflow_arena, minmay_temple_entry_arrows,
          nicolae_concentric_dashed_squares_mild,
          nicolae_shop_i_like_small_books_too, uniq_sigmund
D:7:      layout_loops_ring, trog_three_pillars_becter, enter_bailey_2,
          gammafunk_ghost_wrathful_warriors, enter_ossuary_3
D:8:      layout_basic, marbit_many_paths, mainiacjoe_overflow_brackets
D:9:      layout_irregular_city
D:10:     layout_loops_cross
D:11:     minmay_thinvault, layout_loops_ring, erik_lair_island, david_orc_3,
          serial_shops, shop
D:12:     layout_cave_pods, nrook_guardian_serpent_double, uniq_sonja,
          uniq_erolcha, uniq_kirke
D:13:     layout_irregular_city, erik_vaults_1
Temple:   minmay_temple_curvy_branch

Skill      XL: |  1  2  3  4  5  6  7  8  9 10 11 |
---------------+----------------------------------+-----
Axes           | 2 3 4 5 6 7 8 10 | 10.8
Shields        | 4 5 6 7 8 9 |  9.1
Fighting       | 4 5 6 7 8 |  8.1
Dodging        | 2 |  2.4
Armour         | 4 5 6 7 |  7.1
Invocations    | 4 |  4.0
Throwing       | 1 2 |  2.0

Action                     |  1- 3 |  4- 6 |  7- 9 | 10-12 || total
---------------------------+-------+-------+-------+-------++-------
  Melee: War axe           |   119 |   177 |   385 |   263 ||   944
         Unarmed           |       |       |     5 |     3 ||     8
  Throw: Boomerang         |       |       |       |    33 ||    33
 Invoke: Heroism           |       |       |     5 |    10 ||    15
    Use: Scroll            |     4 |    10 |     5 |     7 ||    26
         Potion            |       |     2 |     4 |     4 ||    10
 Armour: Scale mail        |    39 |       |       |       ||    39
         Chain mail        |    29 |    80 |    14 |       ||   123
         Skin              |       |       |    31 |       ||    31
         Plate armour      |       |       |   113 |   159 ||   272
  Dodge: Dodged            |    61 |    68 |   155 |   148 ||   432
  Block: Buckler           |    13 |       |       |       ||    13
         Kite shield       |    20 |    78 |   158 |   172 ||   428

Table legend:
 A = Non-vault XP
 B = Vault XP
 C = Vault XP percentage of total XP
 D = Non-vault monster count
 E = Vault monster count
 F = Vault count percentage of total count
                 A         B        C        D         E       F
            +---------+---------+-------+---------+---------+-------
      Total |    9921 |    2776 |  21.9 |     219 |      44 |  16.7
            +---------+---------+-------+---------+---------+-------
        D:1 |      39 |       0 |   0.0 |      21 |       0 |   0.0
        D:2 |     150 |      35 |  18.9 |      23 |       1 |   4.2
        D:3 |      33 |       0 |   0.0 |      15 |       0 |   0.0
        D:4 |     263 |      36 |  12.0 |      18 |       1 |   5.3
        D:5 |     223 |     455 |  67.1 |       9 |       7 |  43.8
        D:6 |    1070 |     176 |  14.1 |      16 |       1 |   5.9
        D:7 |    1291 |       0 |   0.0 |      34 |       0 |   0.0
        D:8 |    1081 |       3 |   0.3 |      24 |       1 |   4.0
        D:9 |    1543 |       0 |   0.0 |      26 |       0 |   0.0
       D:10 |     968 |       0 |   0.0 |      11 |       0 |   0.0
       D:11 |    3260 |     939 |  22.4 |      22 |      15 |  40.5
       D:12 |       0 |     467 | 100.0 |       0 |       3 | 100.0
    Ossuary |       0 |     665 | 100.0 |       0 |      15 | 100.0
            +---------+---------+-------+---------+---------+-------
